 Dungeon Crawl Stone Soup version 0.28.0-53-g5a82cb258f (webtiles) character file.

Game seed: 15848519036522548673

9878 ILmort the Fighter (level 11, 0/92 HPs)
             Began as a Djinni Fire Elementalist on Aug 19, 2022.
             Was a Priest of Ashenzari.
             Slain by a centaur warrior
             ... wielding a +1 vorpal long sword
              (3 damage)
             ... on level 9 of the Dungeon.
             The game lasted 01:09:41 (15500 turns).

ILmort the Fighter (Djinni Fire Elementalist)      Turns: 15500, Time: 01:09:41

Health: 0/92       AC:  8    Str:  9    XL:     11   Next: 82%
Gold:   403        EV: 17    Int: 33    God:    Ashenzari [***...] SH:  0 Dex: 17

rFire   + + .      SeeInvis +   b - +5 hand axe of Noeno {flame, rElec Int+7 Dex-3}
rCold   x . .      Faith    .   (no shield)
rNeg    . . .      Spirit   .   n - +0 robe of Star-Bound Wisdom {Self, Melee} (curse)
rPois   ∞          Reflect  .   v - +2 helmet of Star-Bound Wisdom {Str+2 Int+5, Self, Fort} (curse)
rElec   +          Harm     .   g - +1 cloak "Sybil of Ashenzari" {Fort, Range} (curse)
rCorr   .          Rampage  .   i - +0 pair of gloves "Ruined Together" {Melee, Range} (curse)
Will    +....      Clarity  +   (boots unavailable)
Stlth   ++........              F - amulet of regeneration
HPRegen 1.05/turn               m - +6 ring of dexterity
MPRegen 0.00/turn               (no ring)

@: about to teleport, flying, hasted, very quick
A: sickness immunity, fire resistance 2, cold vulnerability 1, float, innate
caster, HP casting, extra vitality 1
a: Renounce Religion, Shatter the Chains


You were on level 9 of the Dungeon.
You worshipped Ashenzari.
Ashenzari was most pleased with you.
You visited 2 branches of the dungeon, and saw 11 of its levels.
You also visited: Ossuary.

You collected 728 gold pieces.
You spent 325 gold pieces at shops.

Inventory:

Hand Weapons
 a - the +6 spear of Dim Light {drain, rCorr}
   (You found it on level 2 of the Dungeon)

   A truly terrible weapon, it drains the life of any living foe it strikes.
   rCorr:     It protects you from acid and corrosion.
 b - the +5 hand axe of Noeno (weapon) {flame, rElec Int+7 Dex-3}
   (You took it off a hobgoblin on level 4 of the Dungeon)

   It burns those it strikes, dealing additional fire damage.
   Big, fiery blades are also staple armaments of hydra-hunters.
   Int:       It affects your intelligence (+7).
   Dex:       It affects your dexterity (-3).
   rElec:     It insulates you from electricity.
 h - a +0 short sword
 j - a +1 dagger of venom
Missiles
 t - 2 throwing nets
Armour
 c - a +0 buckler
 g - the cursed +1 cloak "Sybil of Ashenzari" (worn) {Fort, Range}
   (You found it on level 1 of the Dungeon)

   It has a curse which improves the following skills: Fortitude: Armour and
   Shields.
   Ranged Combat: Slings, Bows, Crossbows and Throwing.
 i - the cursed +0 pair of gloves "Ruined Together" (worn) {Melee, Range}
   (You found it on level 4 of the Dungeon)

   It has a curse which improves the following skills: Melee Combat: Short
   Blades, Long Blades, Axes, Maces & Flails, Polearms, Staves and Unarmed
   Combat.
   Ranged Combat: Slings, Bows, Crossbows and Throwing.
 l - a +0 cloak
 n - the cursed +0 robe of Star-Bound Wisdom (worn) {Self, Melee}

   It has a curse which improves the following skills: Introspection: Fighting
   and Spellcasting.
   Melee Combat: Short Blades, Long Blades, Axes, Maces & Flails, Polearms,
   Staves and Unarmed Combat.
 s - a +0 leather armour
 v - the cursed +2 helmet of Star-Bound Wisdom (worn) {Str+2 Int+5, Self, Fort}
   (You found it on level 3 of the Dungeon)

   Str:       It affects your strength (+2).
   Int:       It affects your intelligence (+5).
   It has a curse which improves the following skills: Introspection: Fighting
   and Spellcasting.
   Fortitude: Armour and Shields.
 A - a +2 cloak
 B - a +1 cloak
Jewellery
 m - a +6 ring of dexterity (left hand)
 F - an amulet of regeneration (around neck)
 G - the necklace of Bloodlust {*Rage Will++ Int-3 Slay+6}
   (You took it off an orc priest on level 9 of the Dungeon)

   [amulet of nothing]

   It extends the wearer's berserk rage when killing foes.
   Int:       It affects your intelligence (-3).
   Slay:      It affects your accuracy & damage with ranged weapons and melee
   (+6).
   *Rage:     It berserks you when you make melee attacks (+50% chance).
   Will:      It greatly increases your willpower.
Wands
 e - a wand of acid (7)
 u - a wand of polymorph (3)
 x - a wand of iceblast (10)
 E - a wand of paralysis (13)
Scrolls
 f - 2 scrolls of teleportation
 o - 6 scrolls of identify
 p - a scroll of summoning
 q - a scroll of amnesia
 r - a scroll of blinking
 w - 4 scrolls of enchant armour
 y - 2 scrolls of fog
 D - 3 scrolls of holy word
Potions
 d - a potion of ambrosia
 k - 8 potions of curing
 C - a potion of brilliance
 H - a potion of might


   Skills:
 + Level 11.1(13.5) Fighting
 + Level 9.7 Dodging
 - Level 1.5 Stealth
 + Level 9.0(11.4) Spellcasting


You had 5 spell levels left.
You knew the following spells:

 Your Spells              Type           Power      Damage    Failure   Level
a - Foxfire               Conj/Fire      100%       2x1d9     1%          1
b - Scorch                Fire           100%       2d10      1%          2
c - Conjure Flame         Conj/Fire      76%        6-21      1%          3
d - Inner Flame           Hex/Fire       76%        N/A       1%          3
e - Flame Wave            Conj/Fire      76%        2d14      1%          4
f - Sting                 Tmut/Pois      100%       1d8       1%          1
g - Ensorcelled Hibernat  Hex/Ice        100%       N/A       1%          2
h - Summon Guardian Gole  Hex/Summ       76%        N/A       1%          3
i - Anguish               Hex/Necr       38%        N/A       1%          4
j - Cause Fear            Hex            38%        N/A       1%          4
Your spell library was empty.

Dungeon Overview and Level Annotations

Branches:
Dungeon (10/15)            Temple (1/1) D:5         Ossuary (visited)
   Lair: D:8-11         Orc: D:9-12

Altars:
Ashenzari
Cheibriados
Dithmenos
Elyvilon
Fedhas
Gozag
Hepliaklqana
Kikubaaqudgha
Makhleb
Nemelex Xobeh
Okawaru
Qazlal
Ru
Sif Muna
Trog
Uskayaw
Vehumet
Wu Jian
Xom
Yredelemnul
Zin
The Shining One

Shops:
D:9 !

Annotations:
D:8 exclusions: downstairs and oklob plant


Innate Abilities, Weirdness & Mutations

You are immune to sickness and miasma.
You are immune to poison.
Your flesh is very heat resistant. (rF++)
You are vulnerable to cold. (rC-)
You float through the air rather than walking.
You learn spells naturally, not from books.
Your magical power is your life essence.
You have superior vitality. (+4 MHP)


Message History

The centaur warrior shoots an arrow.
The arrow hits you!
The centaur warrior shoots an arrow.
The arrow hits you!!
You see here a +0 whip.
Casting: Scorch (safe; 1% risk of failure)
A guardian golem appears, shielding your allies.
The centaur warrior shoots an arrow.
The arrow hits you!!
The centaur warrior shoots an arrow.
The arrow closely misses you.
Casting: Summon Guardian Golem (safe; 1% risk of failure) Flames lash the centaur warrior.
The centaur warrior's fire resistance burns away.
The centaur warrior unwields a +0 shortbow.
The centaur warrior wields a +1 vorpal long sword.
The centaur warrior closely misses you.
The centaur warrior kicks you but does no damage.
Casting: Scorch (safe; 1% risk of failure) Flames lash the centaur warrior but do no damage.
The centaur warrior hits you but does no damage.
The centaur warrior kicks you but does no damage.
You feel yourself speed up.
The centaur warrior hits you with a +1 vorpal long sword!
* * * LOW HITPOINT WARNING * * *
x2 The centaur warrior kicks you.
* * * LOW HITPOINT WARNING * * *
The centaur warrior misses you. The centaur warrior kicks you.
* * * LOW HITPOINT WARNING * * *
Okay, then.
Okay, then.
Cleave: b) +5 hand axe of Noeno {flame, rElec Int+7 Dex-3}
Aim: a centaur warrior, wielding a +1 vorpal long sword, wearing a +4 ring of protection and quivering arrows (lightly wounded, more vulnerable to fire, ally target, about 24% to evade the +5 hand axe of Noeno)
Okay, then.
Aiming: Paralyse
Aim: a centaur warrior, wielding a +1 vorpal long sword, wearing a +4 ring of protection and quivering arrows (lightly wounded, more vulnerable to fire, ally target, chance to affect: 31%)
The centaur warrior easily resists.
The centaur warrior hits you with a +1 vorpal long sword!
* * * LOW HITPOINT WARNING * * *
x2 The centaur warrior kicks you but does no damage.
As you read the scroll of teleportation, it crumbles to dust.
You feel strangely unstable.
The centaur warrior hits you with a +1 vorpal long sword.
You die...

,,* *, *#.# ** ,.. *
,* * #.#. ..#.. $ *
#.### ####.# $#$. ##.#
#?
##....###.#####.#####
#....................
#...........####.....
#..9#c......## #.....
##...@#.......###.....
#...#.#........##.....
#...[)...............#
##....)...†.....#....#
#.............##<...#
#...###.###..##.##..#
#..##.....##.##....##
#..##.....##.#..##..#
##.##.....##.##..#..#


You could see a centaur warrior (combustible, ally target) and a friendly
guardian golem (summoned).

Vanquished Creatures
  A hydra (D:9)
  A two-headed ogre (D:9)
  A deep troll (shapeshifter) (D:9)
  A manticore (D:9)
  An ugly thing (D:9)
  A cyclops (D:9)
  Maurice (D:9)
  Joseph (D:7)
  A troll (D:9)
  Prince Ribbit (D:6)
  2 wyverns
  2 yaks (D:9)
  Eustachio (D:5)
  Menkaure (D:7)
  A basilisk (D:9)
  An acid dragon (D:9)
  A black bear (D:6)
  2 ice beasts
  3 orc warriors
  2 sky beasts
  5 centaurs
  2 necrophages
  An ogre (D:3)
  A phantom (D:4)
  2 kobold brigands
  4 gnoll sergeants
  4 bullfrogs
  3 scorpions
  A wyvern skeleton (D:7)
  19 killer bees
  A wight (D:5)
  3 howler monkeys
  6 centaur zombies
  A bullfrog zombie (D:6)
  5 hounds
  A jelly (D:5)
  A bullfrog skeleton (D:4)
  Crazy Yiuf (D:7)
  A centaur skeleton (D:5)
  4 orc priests
  2 iguanas
  2 gnoll shamans (D:9)
  2 orc wizards (D:9)
  Natasha (twice) (D:2)
  A killer bee zombie (D:7)
  2 howler monkey zombies (D:9)
  5 mummies (Ossuary)
  31 gnolls
  2 howler monkey skeletons
  7 adders
  2 ufetubi
  An adder skeleton (D:3)
  2 worms
  2 dart slugs
  30 orcs
  7 endoplasms
  4 giant cockroaches
  8 hobgoblins
  10 jackals
  6 quokkas
  6 ball pythons
  6 bats
  3 frilled lizards (D:3)
  4 goblins
  5 hobgoblin zombies (Ossuary)
  9 kobolds
  6 rats
259 creatures vanquished.

Vanquished Creatures (collateral kills)
  8 foxfires (D:1)
8 creatures vanquished.

Vanquished Creatures (others)
  A hornet (D:9)
  A centaur zombie (D:9)
  126 foxfires
  2 fungi (D:9)
  A plant (D:9)
131 creatures vanquished.

Grand Total: 398 creatures vanquished

Notes
Turn   | Place    | Note
-------+----------+-------------------------------------------
     0 | D:1      | ILmort the Djinni Fire Elementalist began the quest for the
                  | Orb.
     0 | D:1      | Reached XP level 1. HP: 15/15 MP: 0/0
   878 | D:1      | Reached XP level 2. HP: 11/22 MP: 0/0
  1072 | D:1      | Reached skill level 1 in Fighting
  2130 | D:2      | Found a blossoming altar of Fedhas.
  2176 | D:2      | Reached XP level 3. HP: 23/27 MP: 0/0
  2176 | D:2      | Learned a level 1 spell: Sting
  2449 | D:2      | Found a faded altar of an unknown god.
  2452 | D:2      | Noticed Natasha
  2459 | D:2      | Identified the +6 spear of Dim Light {drain, rCorr}
  2466 | D:2      | Killed Natasha
  2467 | D:2      | Reached skill level 2 in Fighting
  2467 | D:2      | Reached XP level 4. HP: 19/33 MP: 0/0
  2974 | D:2      | Noticed Natasha
  2983 | D:2      | Killed Natasha
  3140 | D:2      | Reached XP level 5. HP: 34/40 MP: 0/0
  3140 | D:2      | Learned a level 2 spell: Ensorcelled Hibernation
  3502 | D:3      | Found a hide-covered altar of Uskayaw.
  3713 | D:3      | Identified the +2 helmet of Uskayaw's Reproof {Str+2 Int+5}
  3774 | D:3      | Reached skill level 3 in Fighting
  3849 | D:3      | Noticed an ogre
  3856 | D:3      | Killed an ogre
  3857 | D:3      | Reached XP level 6. HP: 31/47 MP: 0/0
  4582 | D:3      | Found a basalt altar of Yredelemnul.
  4584 | D:3      | Found a white marble altar of Elyvilon.
  4612 | D:3      | Found an iron altar of Okawaru.
  4614 | D:3      | Found a hazy altar of Hepliaklqana.
  4775 | D:4      | Reached skill level 4 in Fighting
  5228 | D:4      | Reached XP level 7. HP: 47/53 MP: 0/0
  5228 | D:4      | Learned a level 3 spell: Summon Guardian Golem
  5732 | D:4      | Identified the +5 hand axe of Noeno {flame, rElec Int+7
                  | Dex-3}
  6249 | D:5      | Entered Level 5 of the Dungeon
  6290 | D:5      | Noticed Eustachio
  6307 | D:5      | Killed Eustachio
  6308 | D:5      | Reached skill level 5 in Fighting
  6464 | D:5      | Found a staircase to the Ecumenical Temple.
  6480 | Temple   | Entered the Ecumenical Temple
  6575 | Temple   | Became a worshipper of Ashenzari the Shackled
  6825 | D:5      | Reached skill level 5 in Spellcasting
  6827 | D:5      | Reached XP level 8. HP: 25/61 MP: 0/0
  7067 | D:4      | Reached skill level 6 in Fighting
  8214 | D:6      | Reached skill level 7 in Fighting
  8437 | D:6      | Reached XP level 9. HP: 59/68 MP: 0/0
  8437 | D:6      | Learned a level 4 spell: Anguish
  8547 | D:6      | Noticed Prince Ribbit
  8554 | D:6      | Killed Prince Ribbit
  8931 | D:6      | Reached * piety under Ashenzari
  9205 | D:7      | Noticed Joseph
  9215 | D:7      | Killed Joseph
  9589 | D:7      | Reached skill level 8 in Fighting
  9595 | D:7      | Noticed Menkaure
  9596 | D:7      | Found a sand-covered staircase.
  9603 | D:7      | Killed Menkaure
  9604 | D:7      | Reached skill level 5 in Dodging
  9671 | Ossuary  | Entered an ossuary
 10126 | D:7      | Identified Ecoeggys's Reference Book on Conjuration
 10392 | D:7      | Reached ** piety under Ashenzari
 10469 | D:7      | Reached XP level 10. HP: 73/80 MP: 0/0
 10793 | D:7      | Found a runed translucent door.
 10794 | D:7      | Noticed Crazy Yiuf
 10833 | D:7      | Killed Crazy Yiuf
 11843 | D:8      | Reached skill level 9 in Fighting
 12013 | D:8      | Reached *** piety under Ashenzari
 12751 | D:8      | Found a blossoming altar of Fedhas.
 12774 | D:8      | Noticed an oklob plant
 13101 | D:9      | Noticed Maurice
 13830 | D:9      | Killed Maurice
 14202 | D:9      | Found Bidoimif's Distillery.
 14208 | D:9      | Bought a potion of haste for 130 gold pieces
 14208 | D:9      | Bought 2 potions of heal wounds for 130 gold pieces
 14208 | D:9      | Bought a potion of heal wounds for 65 gold pieces
 14226 | D:9      | Found an ornate altar of the Wu Jian Council.
 14441 | D:9      | Noticed a purple ugly thing
 14463 | D:9      | Killed a purple ugly thing
 14464 | D:9      | Reached XP level 11. HP: 79/90 MP: 0/0
 14464 | D:9      | Learned a level 4 spell: Cause Fear
 14464 | D:9      | Noticed a seven-headed hydra
 14464 | D:9      | Noticed a two-headed ogre
 14472 | D:9      | Killed a two-headed ogre
 14473 | D:9      | Reached skill level 10 in Fighting
 14485 | D:9      | Killed a seven-headed hydra
 14539 | D:9      | Noticed a cyclops
 14557 | D:9      | Killed a cyclops
 14671 | D:10     | Entered Level 10 of the Dungeon
 15012 | D:9      | Found an opulent altar of Gozag.
 15040 | D:9      | Noticed a deep troll
 15046 | D:9      | Killed a deep troll
 15181 | D:9      | Noticed a centaur warrior
 15227 | D:9      | Noticed a manticore
 15379 | D:9      | Killed a manticore
 15380 | D:9      | Reached skill level 11 in Fighting
 15499 | D:9      | HP: 4/92 [centaur warrior/+1 vorpal long sword (14)]
 15500 | D:9      | Slain by a centaur warrior

Illustrated notes

Levels and vault maps discovered:
D:1:      nzn_arrival_depleted_hourglass, layout_basic, solitary_fountain,
          minmay_hedge_maze
D:2:      layout_loops_corners, basic_altar, hellmonk_ecumenical_altar_lost_god,
          uniq_natasha
D:3:      minmay_diamond_boxcup, layout_rooms, eat_drink_and_be_merry_uskayaw,
          nicolae_overflow_hidden_temple, st_stairs_4
D:4:      layout_loops_corners
D:5:      layout_cave_pools, minmay_temple_entry_mist, minmay_fractal_squares_5,
          uniq_eustachio
D:6:      layout_loops_cross, gammafunk_temple_overflow_wave,
          uniq_prince_ribbit1
D:7:      layout_cave_pods, nicolae_ossuary_entry_plus, uniq_crazy_yiuf_cottage,
          uniq_joseph, uniq_menkaure
D:8:      layout_cave_pools, tgw_fedhas
D:9:      minmay_the_grid_square_5x5_4x4
          [minmay_the_grid_square_5x5_fancy_junction,
          minmay_the_grid_square_5x5_dogpile,
          minmay_the_grid_square_5x5_checkered_sparse,
          minmay_the_grid_square_5x5_seven,
          minmay_the_grid_square_5x5_gyroscope,
          minmay_the_grid_square_5x5_prize_monsterx,
          minmay_the_grid_square_5x5_prize_open, minmay_the_grid_square_5x5_tie,
          minmay_the_grid_square_5x5_slash,
          minmay_the_grid_square_5x5_prize_junk,
          minmay_the_grid_square_5x5_prize_itemx,
          minmay_the_grid_square_5x5_trominoes,
          minmay_the_grid_square_5x5_checkered,
          minmay_the_grid_square_5x5_two_small,
          minmay_the_grid_square_5x5_minimal,
          minmay_the_grid_square_5x5_moneybag], layout_cave_pools,
          nicolae_gozag_cash_rules_everything_around_me, lemuel_doored_altar,
          david_lair_generic, serial_gnoll_camp, gnoll_camp_huts_basic,
          gnoll_camp_mini_basic, gnoll_camp_mini_house,
          gnoll_camp_mini_loothouse, gnoll_camp_mini_shop, uniq_maurice
D:10:     layout_basic, nicolae_trove_entry_crossroad, lemuel_flamethrower_2
Temple:   minmay_temple_forest_path

Skill      XL: |  1  2  3  4  5  6  7  8  9 10 11 |
---------------+----------------------------------+-----
Fighting       | 1 2 3 4 5 7 8 9 11 | 11.1
Spellcasting   | 3 4 5 6 7 8 9 |  9.0
Dodging        | 5 8 9 |  9.7
Stealth        | |  1.5

Action                   |  1- 3 |  4- 6 |  7- 9 | 10-12 || total
-------------------------+-------+-------+-------+-------++-------
Melee: Short sword       |    19 |       |       |       ||    19
       Unarmed           |     1 |       |       |       ||     1
       Dagger            |     8 |       |       |       ||     8
       Spear             |       |    14 |     1 |       ||    15
       Punch             |       |     1 |       |       ||     1
       Hand axe          |       |       |       |     4 ||     4
 Cast: Foxfire           |    46 |    17 |    22 |     7 ||    92
       Scorch            |     7 |    55 |   139 |   199 ||   400
       Conjure Flame     |       |     3 |    13 |    20 ||    36
       Flame Wave        |       |       |     5 |    21 ||    26
       Inner Flame       |       |       |     1 |     1 ||     2
       Anguish           |       |       |       |     6 ||     6
       Summon Guardian G |       |       |       |     5 ||     5
Invok: Curse Item        |       |       |     3 |     2 ||     5
       Shatter the Chain |       |       |       |     1 ||     1
Evoke: Wand              |       |       |       |     1 ||     1
  Use: Scroll            |       |     9 |       |     3 ||    12
       Potion            |       |     5 |     2 |     9 ||    16
 Stab: Sleeping          |     1 |     1 |       |       ||     2
Armor: Robe              |     5 |     5 |    25 |    38 ||    73
Dodge: Dodged            |    22 |    11 |    51 |   102 ||   186
Block: Other             |       |       |     5 |    14 ||    19
       Reflection        |       |       |     1 |       ||     1
